 Dungeon Crawl Stone Soup version 0.29.0-4-gdea44cf6ec (webtiles) character file.

Game seed: 9050675292490746885

2820 qw the Cleaver (level 9, 0/121 HPs)
             Began as a Minotaur Berserker on Sept 5, 2022.
             Was an Elder of Trog.
             Succumbed to a kobold brigand's poison
             ... on level 7 of the Dungeon.
             The game lasted 00:02:12 (7465 turns).

qw the Cleaver (Minotaur Berserker)                 Turns: 7465, Time: 00:02:13

Health: 0/121      AC:  3    Str: 30    XL:     9   Next: 45%
Magic:  8/8        EV: 24    Int:  3    God:    Trog [****..]
Gold:   237        SH:  0    Dex:  9    Spells: 8/8 levels left

rFire   . . .      SeeInvis .   Y - +0 hand axe
rCold   . . .      Faith    .   (no shield)
rNeg    + . .      Spirit   .   f - +0 chain mail
rPois   .          Reflect  .   (helmet restricted)
rElec   .          Harm     .   (no cloak)
rCorr   .          Rampage  .   n - +0 pair of gloves
Will    .....      Rnd*Tele +   (no boots)
Stlth   ..........              k - amulet of the acrobat
HPRegen 0.30/turn               i - ring of positive energy
MPRegen 0.11/turn               (no ring)

@: berserking (expiring), lethally poisoned (0 -> -3), corroded, acrobatic, very
quick
A: horns 2, retaliatory headbutt, deformed body, screaming 1, strong 1,
teleportitis 1, no potion heal 1
a: Renounce Religion, Berserk, Trog's Hand, Brothers in Arms


You were on level 7 of the Dungeon.
You worshipped Trog.
Trog was greatly pleased with you.
You visited 1 branch of the dungeon, and saw 7 of its levels.

You collected 293 gold pieces.
You spent 56 gold pieces at shops.


Innate Abilities, Weirdness & Mutations

You have a pair of horns on your head.
You reflexively headbutt those who attack you in melee.
Armour fits poorly on your strangely shaped body.
You occasionally shout uncontrollably at your foes.
Your muscles are strong. (Str +4, Int/Dex -1)
You are occasionally teleported next to monsters.
Potions are less effective at restoring your health.


   Skills:
 - Level 8.1 Fighting
 + Level 13.1 Axes
 - Level 2.1 Throwing
 - Level 5.1 Armour
 - Level 2.1 Dodging


You had 8 spell levels left.
You didn't know any spells.
Your spell library was empty.

Inventory:

Hand Weapons
 g - a +0 morningstar
 Y - a +0 hand axe (weapon)
Missiles
 a - a boomerang (quivered)
Armour
 f - a +0 chain mail (worn)
 n - a +0 pair of gloves (worn)
Jewellery
 i - a ring of positive energy (left hand)
 j - a ring of fire
 k - an amulet of the acrobat (around neck)
Scrolls
 e - 3 scrolls of identify
Potions
 b - a potion of might
 c - a potion of haste
 d - 6 potions of curing

Dungeon Overview and Level Annotations

Branches:
Dungeon (7/15)             Temple (0/1) D:4

Altars:
Elyvilon
Nemelex Xobeh
Yredelemnul

Shops:
D:1 *=

Annotations:
D:7 Maggie


Message History

Your headbutt misses the kobold brigand.
The kobold brigand is severely wounded.
You feel sick.
You closely miss the kobold brigand.
Your headbutt misses the kobold brigand.
The kobold brigand is severely wounded.
You feel sick.
The kobold brigand hits you with a +0 club.
You hit the kobold brigand.
The kobold brigand is almost dead.
You feel sick.
You closely miss the kobold brigand.
Your headbutt misses the kobold brigand.
The kobold brigand is almost dead.
You feel sick. The kobold brigand closely misses you.
You slash the kobold brigand!
You kill the kobold brigand!
Trog accepts your kill.
You slash the kobold brigand!
You feel sick.
You closely miss the kobold brigand.
Your headbutt misses the kobold brigand.
The kobold brigand is moderately wounded.
You feel sick.
You hit the kobold brigand but do no damage.
The kobold brigand is moderately wounded.
The kobold brigand closely misses you. You furiously retaliate!
You headbutt the kobold brigand. You miss the kobold brigand.
The kobold brigand is heavily wounded.
You feel sick.
You slash the kobold brigand!
You kill the kobold brigand!
Trog accepts your kill.
Your Fighting skill increases to level 8!
There is a lethal amount of poison in your body!
You feel sick.
There is a lethal amount of poison in your body!
You feel a strong urge to attack something.
You die...

.....####.....#..###..#.......
.. ....
#.........#..............
...######....#.........# #...
.[ #......#..#.........# . .
#.######.##.........#..
#.#.....# ..... #...#..###.^#
#.####%....## #..# #%@.....#
#......%))$.......
........#.....#....
.........##...## !.. ..#...#..
..#..# .. ...###.........#..
#.. Y......#. #.. ........#


There were no monsters in sight!

Vanquished Creatures
  Prince Ribbit (D:6)
  An acid dragon (D:7)
  A water moccasin (D:7)
  2 sky beasts
  A black bear (D:6)
  3 ice beasts
  An ogre (D:5)
  2 phantoms
  A centaur (D:5)
  Blork the orc (D:4)
  3 kobold brigands (D:7)
  A bullfrog (D:7)
  3 scorpions
  3 wights (D:6)
  2 howler monkeys
  A hound (D:6)
  2 jellies
  2 gnoll boudas
  An orc priest (D:4)
  8 iguanas
  4 orc wizards
  14 gnolls
  4 adders
  A river rat (D:6)
  2 ufetubi (D:5)
  A worm (D:5)
  4 dart slugs
  17 orcs
  5 ball pythons
  8 endoplasms
  5 giant cockroaches
  9 goblins
  4 hobgoblins
  3 jackals (D:4)
  4 quokkas
  7 bats
  6 frilled lizards
  12 kobolds
  15 rats
  A spectral kobold (D:2)
166 creatures vanquished.

Vanquished Creatures (others)
  6 plants (D:6)
6 creatures vanquished.

Grand Total: 172 creatures vanquished

Notes
Turn   | Place    | Note
-------+----------+-------------------------------------------
     0 | D:1      | qw the Minotaur Berserker began the quest for the Orb.
     0 | D:1      | Reached XP level 1. HP: 19/19 MP: 0/0
     0 | D:1      | 0 ||| qw: Version: 0.1-a-104-g96f76f8
     0 | D:1      | 0 ||| qw: Game counter: 6003
     0 | D:1      | 0 ||| qw: Always use a shield: true
     0 | D:1      | 0 ||| qw: Do Orc after D:15 true
     0 | D:1      | 0 ||| qw: Do second Lair branch before Depths: true
     0 | D:1      | 0 ||| qw: Lair rune preference: random
     0 | D:1      | 0 ||| qw: Plans: Normal
     0 | D:1      | 0 ||| PLANNING D:1-11
    30 | D:1      | 30 ||| Stepping ~*~*~tactically~*~*~ (stealth).
    63 | D:1      | Reached skill level 4 in Axes
   218 | D:1      | Reached XP level 2. HP: 26/26 MP: 1/1
   327 | D:1      | 327 ||| Stepping ~*~*~tactically~*~*~ (hiding).
   429 | D:1      | 429 ||| Stepping ~*~*~tactically~*~*~ (hiding).
   545 | D:1      | Found Erraps's Jewellery Shoppe.
   551 | D:1      | 551 ||| SHOPLISTING +4 ring of evasion (396 gold, have 33).
   551 | D:1      | 551 ||| SHOPLISTING +4 ring of protection (396 gold, have
                  | 33).
   551 | D:1      | 551 ||| SHOPLISTING amulet of the acrobat (330 gold, have
                  | 33).
   551 | D:1      | 551 ||| SHOPLISTING ring of fire (275 gold, have 33).
   551 | D:1      | 551 ||| SHOPLISTING ring of positive energy (220 gold, have
                  | 33).
   551 | D:1      | 551 ||| SHOPLISTING ring of protection from cold (275 gold,
                  | have 33).
   551 | D:1      | 551 ||| SHOPLISTING ring of willpower (275 gold, have 33).
   908 | D:1      | Found Zuogeaps's General Store.
   911 | D:1      | 911 ||| BUYING +0 ring mail (56 gold).
   911 | D:1      | Bought a +0 ring mail for 56 gold pieces
  1132 | D:1      | 1132 ||| Stepping ~*~*~tactically~*~*~ (stealth).
  1133 | D:1      | 1133 ||| Stepping ~*~*~tactically~*~*~ (stealth).
  1140 | D:1      | Reached skill level 5 in Axes
  1350 | D:1      | 1350 ||| UPGRADING to +0 leather armour.
  1360 | D:1      | 1360 ||| DROPPING +0 animal skin.
  1361 | D:1      | 1361 ||| UPGRADING to +0 ring mail.
  1371 | D:1      | 1371 ||| DROPPING +0 leather armour.
  1372 | D:1      | 1372 ||| UPGRADING to amulet of the acrobat.
  1377 | D:1      | 1377 ||| READING scroll labelled XISIOL MAOXKIJ.
  1378 | D:1      | 1378 ||| READING 4 scrolls labelled FAULIPR RYFUUL.
  1379 | D:1      | 1379 ||| READING scroll labelled XIOT IKOLLEMP.
  1380 | D:1      | 1380 ||| DROPPING 3 scrolls of fog.
  1381 | D:1      | 1381 ||| Stepping randomly (stuck).
  1382 | D:1      | 1382 ||| Stepping ~*~*~tactically~*~*~ (cloud).
  1389 | D:1      | HP: 6/26 [poisoned by you (poison gas)]
  1693 | D:2      | Reached XP level 3. HP: 31/31 MP: 2/2
  1715 | D:2      | Reached ** piety under Trog
  1906 | D:2      | Found a faded altar of an unknown god.
  2179 | D:2      | 2179 ||| READING scroll labelled GESTRAA COESS.
  2190 | D:3      | 2190 ||| Stepping ~*~*~tactically~*~*~ (hiding).
  2193 | D:3      | 2193 ||| INVOKING Berserk.
  2201 | D:3      | Reached skill level 6 in Axes
  2201 | D:3      | Reached XP level 4. HP: 39/39 MP: 3/3
  2208 | D:3      | 2208 ||| FLEEEEING.
  2213 | D:3      | 2213 ||| STAIRDANCE
  2343 | D:3      | 2343 ||| DROPPING +0 mace.
  2463 | D:3      | 2463 ||| Stepping ~*~*~tactically~*~*~ (stealth).
  2603 | D:3      | 2603 ||| Stepping ~*~*~tactically~*~*~ (stealth).
  2608 | D:3      | 2608 ||| Stepping ~*~*~tactically~*~*~ (hiding).
  2950 | D:3      | 2950 ||| UPGRADING to ring of positive energy.
  2951 | D:3      | 2951 ||| READING scroll labelled AXKUSHRICHA.
  2952 | D:3      | 2952 ||| DRINKING 2 silvery potions.
  2953 | D:3      | 2953 ||| DRINKING 2 fuming silvery potions.
  2954 | D:3      | 2954 ||| READING 2 scrolls of identify.
  2954 | D:3      | 2954 ||| IDENTIFYING sedimented red potion
  2955 | D:3      | 2955 ||| DROPPING potion of lignification.
  2956 | D:3      | 2956 ||| DROPPING potion of flight.
  2993 | D:4      | 2993 ||| STAIRDANCE
  3064 | D:4      | Noticed Blork the orc
  3065 | D:4      | 3065 ||| Stepping ~*~*~tactically~*~*~ (hiding).
  3067 | D:4      | 3067 ||| INVOKING Berserk.
  3069 | D:4      | Reached skill level 7 in Axes
  3069 | D:4      | Reached XP level 5. HP: 45/45 MP: 4/4
  3075 | D:4      | Killed Blork the orc
  3183 | D:4      | Identified the +3 sling of Fear {speed, Dex+4}
  3191 | D:4      | Reached *** piety under Trog
  3302 | D:4      | Reached XP level 6. HP: 50/55 MP: 5/5
  3431 | D:4      | Found a staircase to the Ecumenical Temple.
  3432 | D:4      | 3432 ||| INVOKING Berserk.
  3673 | D:4      | Found a sparkling altar of Nemelex Xobeh.
  3706 | D:4      | Reached skill level 8 in Axes
  3786 | D:4      | Found a basalt altar of Yredelemnul.
  3874 | D:4      | 3874 ||| Stepping ~*~*~tactically~*~*~ (hiding).
  4092 | D:4      | 4092 ||| UPGRADING to +0 pair of gloves.
  4097 | D:4      | 4097 ||| READING scroll labelled ZITIMPUCWU.
  4098 | D:4      | 4098 ||| DRINKING 2 viscous silvery potions.
  4099 | D:4      | 4099 ||| DRINKING 2 fuming grey potions.
  4099 | D:4      | Gained mutation: You occasionally lose the ability to read
                  | scrolls when taking damage. [potion of mutation]
  4099 | D:4      | Gained mutation: You are dopey. (Int -2) [potion of
                  | mutation]
  4099 | D:4      | Gained mutation: You occasionally lose the ability to drink
                  | potions when taking damage. [potion of mutation]
  4100 | D:4      | 4100 ||| DRINKING potion of mutation.
  4100 | D:4      | Lost mutation: You occasionally lose the ability to drink
                  | potions when taking damage. [potion of mutation]
  4100 | D:4      | Lost mutation: You occasionally lose the ability to read
                  | scrolls when taking damage. [potion of mutation]
  4100 | D:4      | Lost mutation: You are dopey. (Int -2) [potion of mutation]
  4100 | D:4      | Gained mutation: You are partially covered in large bone
                  | plates. (SH +4) [potion of mutation]
  4100 | D:4      | Gained mutation: You are occasionally teleported next to
                  | monsters. [potion of mutation]
  4100 | D:4      | Gained mutation: You are frail. (-10% HP) [potion of
                  | mutation]
  4100 | D:4      | Gained mutation: You passively dampen the noise of your
                  | surroundings. [potion of mutation]
  4101 | D:4      | 4101 ||| DRINKING 2 clear potions.
  4102 | D:4      | 4102 ||| READING 3 scrolls of identify.
  4102 | D:4      | 4102 ||| IDENTIFYING murky puce potion
  4103 | D:4      | 4103 ||| READING 2 scrolls of identify.
  4103 | D:4      | 4103 ||| IDENTIFYING puce potion
  4104 | D:4      | 4104 ||| DROPPING potion of ambrosia.
  4105 | D:4      | 4105 ||| DROPPING potion of brilliance.
  4126 | D:5      | Entered Level 5 of the Dungeon
  4240 | D:5      | 4240 ||| Stepping ~*~*~tactically~*~*~ (stealth).
  4246 | D:5      | 4246 ||| Stepping ~*~*~tactically~*~*~ (stealth).
  4254 | D:5      | 4254 ||| Stepping ~*~*~tactically~*~*~ (stealth).
  4260 | D:5      | 4260 ||| INVOKING Berserk.
  4276 | D:5      | HP: 6/49 [ogre/+0 giant spiked club (13)]
  4277 | D:5      | 4277 ||| DRINKING potion of heal wounds.
  4281 | D:5      | Reached skill level 9 in Axes
  4281 | D:5      | Reached XP level 7. HP: 35/54 MP: 6/6
  4380 | D:5      | 4380 ||| DROPPING +0 flail.
  4501 | D:5      | 4501 ||| Stepping ~*~*~tactically~*~*~ (stealth).
  4505 | D:5      | 4505 ||| Stepping ~*~*~tactically~*~*~ (stealth).
  4618 | D:5      | 4618 ||| Stepping ~*~*~tactically~*~*~ (hiding).
  4861 | D:5      | 4861 ||| DRINKING 3 potions of curing.
  4861 | D:5      | 4861 ||| (to cure confusion)
  4869 | D:5      | 4869 ||| FLEEEEING.
  4870 | D:5      | 4870 ||| FLEEEEING.
  4871 | D:5      | 4871 ||| FLEEEEING.
  4872 | D:5      | 4872 ||| FLEEEEING.
  4873 | D:5      | 4873 ||| FLEEEEING.
  4874 | D:5      | 4874 ||| FLEEEEING.
  4875 | D:5      | 4875 ||| FLEEEEING.
  4876 | D:5      | 4876 ||| FLEEEEING.
  4877 | D:5      | 4877 ||| FLEEEEING.
  4878 | D:5      | 4878 ||| FLEEEEING.
  4879 | D:5      | 4879 ||| FLEEEEING.
  4880 | D:5      | 4880 ||| FLEEEEING.
  4881 | D:5      | 4881 ||| FLEEEEING.
  4882 | D:5      | 4882 ||| FLEEEEING.
  4883 | D:5      | 4883 ||| FLEEEEING.
  4884 | D:5      | 4884 ||| FLEEEEING.
  4885 | D:5      | 4885 ||| FLEEEEING.
  4886 | D:5      | 4886 ||| FLEEEEING.
  4887 | D:5      | 4887 ||| FLEEEEING.
  4888 | D:5      | 4888 ||| FLEEEEING.
  4889 | D:5      | 4889 ||| FLEEEEING.
  4890 | D:5      | 4890 ||| FLEEEEING.
  4891 | D:5      | 4891 ||| FLEEEEING.
  4892 | D:5      | 4892 ||| FLEEEEING.
  4893 | D:5      | 4893 ||| FLEEEEING.
  4894 | D:5      | 4894 ||| FLEEEEING.
  4895 | D:5      | 4895 ||| FLEEEEING.
  4896 | D:5      | 4896 ||| FLEEEEING.
  4897 | D:5      | 4897 ||| FLEEEEING.
  4898 | D:5      | 4898 ||| FLEEEEING.
  4899 | D:5      | 4899 ||| FLEEEEING.
  4900 | D:5      | 4900 ||| FLEEEEING.
  4901 | D:5      | 4901 ||| FLEEEEING.
  4902 | D:5      | 4902 ||| FLEEEEING.
  4903 | D:5      | 4903 ||| FLEEEEING.
  4904 | D:5      | 4904 ||| FLEEEEING.
  4905 | D:5      | 4905 ||| FLEEEEING.
  4906 | D:5      | 4906 ||| FLEEEEING.
  4907 | D:5      | 4907 ||| FLEEEEING.
  4908 | D:5      | 4908 ||| FLEEEEING.
  4909 | D:5      | 4909 ||| FLEEEEING.
  4910 | D:5      | 4910 ||| FLEEEEING.
  5135 | D:5      | 5135 ||| Stepping ~*~*~tactically~*~*~ (hiding).
  5146 | D:5      | 5146 ||| STAIRDANCE
  5244 | D:4      | 5244 ||| UPGRADING to +0 chain mail.
  5254 | D:4      | 5254 ||| DROPPING +0 ring mail.
  5255 | D:4      | 5255 ||| READING 2 scrolls of identify.
  5255 | D:4      | 5255 ||| IDENTIFYING viscous emerald potion
  5256 | D:4      | 5256 ||| DROPPING potion of attraction.
  5270 | D:5      | Reached skill level 3 in Armour
  5434 | D:5      | Reached **** piety under Trog
  5524 | D:6      | 5524 ||| PLANNING SEWER
  5608 | D:6      | Reached skill level 10 in Axes
  5650 | D:6      | 5650 ||| INVOKING Berserk.
  5653 | D:6      | Reached skill level 6 in Fighting
  5653 | D:6      | Reached XP level 8. HP: 63/63 MP: 7/7
  5894 | D:6      | Noticed Prince Ribbit
  5895 | D:6      | 5895 ||| INVOKING Berserk.
  5899 | D:6      | Killed Prince Ribbit
  5900 | D:6      | Reached skill level 11 in Axes
  6181 | D:6      | 6181 ||| DRINKING potion of mutation.
  6181 | D:6      | Lost mutation: You passively dampen the noise of your
                  | surroundings. [potion of mutation]
  6181 | D:6      | Lost mutation: You are partially covered in large bone
                  | plates. (SH +4) [potion of mutation]
  6181 | D:6      | Lost mutation: You are frail. (-10% HP) [potion of
                  | mutation]
  6181 | D:6      | Gained mutation: Armour fits poorly on your strangely
                  | shaped body. [potion of mutation]
  6181 | D:6      | Gained mutation: You occasionally shout uncontrollably at
                  | your foes. [potion of mutation]
  6181 | D:6      | Gained mutation: Potions are less effective at restoring
                  | your health. [potion of mutation]
  6181 | D:6      | Gained mutation: Your muscles are strong. (Str +4, Int/Dex
                  | -1) [potion of mutation]
  6248 | D:6      | 6248 ||| Stepping ~*~*~tactically~*~*~ (hiding).
  6249 | D:6      | 6249 ||| Stepping ~*~*~tactically~*~*~ (hiding).
  6253 | D:6      | 6253 ||| INVOKING Berserk.
  6286 | D:6      | 6286 ||| RIP SEWER
  6425 | D:6      | 6425 ||| PLANNING D:1-11
  6468 | D:6      | Reached skill level 12 in Axes
  6468 | D:6      | 6468 ||| INVOKING Berserk.
  6781 | D:6      | Found a white marble altar of Elyvilon.
  6940 | D:6      | 6940 ||| READING scroll labelled XUMEYB SAES.
  6941 | D:6      | 6941 ||| READING 5 scrolls of identify.
  6941 | D:6      | 6941 ||| IDENTIFYING red potion
  6942 | D:6      | 6942 ||| READING 4 scrolls of identify.
  6942 | D:6      | 6942 ||| IDENTIFYING fuming black potion
  6943 | D:6      | 6943 ||| DROPPING potion of magic.
  6998 | D:7      | Noticed Maggie
  6999 | D:7      | 6999 ||| Stepping ~*~*~tactically~*~*~ (hiding).
  7005 | D:7      | 7005 ||| INVOKING Berserk.
  7008 | D:7      | Reached XP level 9. HP: 31/79 MP: 8/8
  7015 | D:7      | HP: 29/118 [kobold brigand/+0 whip (4)]
  7201 | D:7      | 7201 ||| INVOKING Berserk.
  7439 | D:7      | 7439 ||| Stepping ~*~*~tactically~*~*~ (hiding).
  7444 | D:7      | 7444 ||| INVOKING Berserk.
  7449 | D:7      | Reached skill level 13 in Axes
  7450 | D:7      | HP: 29/118 [acid dragon (4)]
  7454 | D:7      | HP: 12/118 [kobold brigand/+0 club (7)]
  7457 | D:7      | HP: 5/118 [poisoned by a kobold brigand]
  7460 | D:7      | HP: 2/121 [poisoned by a kobold brigand]
  7465 | D:7      | Succumbed to a kobold brigand's poison

Levels and vault maps discovered:
D:1:      lemuel_arrival_broad_hall, layout_loops_ring, serial_shops,
          nicolae_shop_trees, nicolae_shop_statue_plus, minmay_tromino_v4_c
D:2:      layout_rooms, dreamdust_ecumenical_altar_drowned_temple,
          minmay_rat_gold_closets
D:3:      layout_loops_cross
D:4:      layout_basic, mainiacjoe_overflow_two_lobes,
          minmay_temple_entry_proselytizer, uniq_blork_the_orc
D:5:      layout_loops_ring
D:6:      layout_rooms, nicolae_elyvilon_temple_path, portal_sewer_entry_e,
          uniq_prince_ribbit1
D:7:      nicolae_cairo_tiling_large_dashed, layout_rooms,
          minmay_fractal_squares_diagonal_5, uniq_maggie

Skill      XL: |  1  2  3  4  5  6  7  8  9 |
---------------+----------------------------+-----
Axes           | 4 5 6 7 9 10 12 13 | 13.1
Fighting       | 4 6 7 8 |  8.1
Throwing       | 2 |  2.1
Armour         | 3 4 5 |  5.1
Dodging        | |  2.1

Action                   |  1- 3 |  4- 6 |  7- 9 || total
-------------------------+-------+-------+-------++-------
Melee: Hand axe          |    95 |    93 |   182 ||   370
       Headbutt          |    15 |    16 |    36 ||    67
       Punch             |       |       |     3 ||     3
Throw: Boomerang         |    13 |    32 |    43 ||    88
Invok: Berserk           |     1 |     3 |     7 ||    11
  Use: Scroll            |     4 |     5 |     4 ||    13
       Potion            |       |     7 |     2 ||     9
Armor: Animal skin       |     9 |       |       ||     9
       Ring mail         |     8 |    13 |    11 ||    32
       Chain mail        |       |       |    44 ||    44
Dodge: Dodged            |    55 |    59 |    68 ||   182
Block: Other             |       |     4 |     8 ||    12

Table legend:
 A = Non-vault XP
 B = Vault XP
 C = Vault XP percentage of total XP
 D = Non-vault monster count
 E = Vault monster count
 F = Vault count percentage of total count
                 A         B        C        D         E       F
            +---------+---------+-------+---------+---------+-------
      Total |    2800 |    1229 |  30.5 |     135 |      31 |  18.7
            +---------+---------+-------+---------+---------+-------
        D:1 |      33 |       4 |  10.8 |      18 |       2 |  10.0
        D:2 |      23 |      11 |  32.4 |      14 |      11 |  44.0
        D:3 |      82 |       0 |   0.0 |      17 |       0 |   0.0
        D:4 |     267 |     141 |  34.6 |      19 |       2 |   9.5
        D:5 |     670 |       0 |   0.0 |      26 |       0 |   0.0
        D:6 |    1055 |     320 |  23.3 |      24 |       9 |  27.3
        D:7 |     670 |     753 |  52.9 |      17 |       7 |  29.2
            +---------+---------+-------+---------+---------+-------
